AoeStats
← stecaru

Arena

507236330Analyzed
1v1 RM · 15d ago on Sep 17, 2026· 37m 4s· 2 players
Game mode
Random Map
Map size
Tiny (2 player)
Population
200
Speed
Normal
Resources
Standard
Victory
Conquest
Starting age
Dark Age
Ending age
Imperial Age
RankedLock teamsTeams togetherTeam positionsShared explorationLock speedFull tech treeHidden civsTurbo modeCheats
Victory
Defeat
845
+15
🇮🇹 Franks · Italy
816
-39
stecaru
6:37 Loom
14:13 Feudal Age
14:41 Double-Bit Axe
14:56 Gold Mining
14:58 Stone Mining
15:45 Wheelbarrow
19:24 Town Watch
19:28 Arson
23:39 Castle Age
22:36 Padded Archer Armor
22:26 Fletching
22:58 Forging
24:48 Bow Saw
24:55 Hand Cart
25:51 Iron Casting
27:27 Crossbowman
28:31 Masonry
30:38 Scale Mail Armor
32:16 Ballistics
32:15 Husbandry
31:39 Elite Skirmisher
34:37 #83
33:56 Light Cavalry
34:36 Pikeman
35:16 Squires
𝓢𝓾𝓷𝓵𝓮𝓼𝓼
7:13 Loom
11:10 Feudal Age
12:51 Feudal Age
13:57 Horse Collar
15:11 Wheelbarrow
19:36 Castle Age
21:00 Hand Cart
20:36 Double-Bit Axe
23:10 Bow Saw
23:13 Heavy Plow
27:16 Imperial Age
26:22 Forging
26:18 Scale Barding Armor
28:04 Iron Casting
28:07 Gold Mining
28:43 Bloodlines
31:01 Husbandry
32:26 Hoardings
35:22 Stone Mining
36:35 Blast Furnace
35:56 Chain Barding Armor
Connection lost

Rejoining the realm…

Still unreachable

The connection could not be restored.

Session expired

The server has moved on; the page needs a fresh start.